Prit, chaotic male elven Priest --- ..----- --.-- .......| |...| .<----.---..-- .-- |......- ---..... ---..... -.--- --)....... ---...------.......- .G......%..%)...[...| ..@......-------.---- -........- |. ... --- Prit the Acolyte Experience level: 5 Strength: 10 Dexterity: 10 Constitution: 15 Intelligence: 13 Wisdom: 17 Charisma: 13 Health: 0(41) Energy: 81(105) Def: 8 Gold: 426 Moves: 2035 Dungeon seed: xSke5OrNbpBA4qja Game ID: Prit_1614985721 Your Inventory: Coins $ - 426 gold pieces Weapons a - a blessed +1 mace (weapon in hand) m - 28 +0 arrows (in quiver) p - 4 +0 darts w - a +0 bow (alternate weapon; not wielded) Armor e - a +1 robe (being worn) n - a +0 small shield (being worn) q - a +0 orcish helm y - a +0 dwarvish iron helm (being worn) z - a +0 pair of iron shoes (being worn) Comestibles c - a clove of garlic d - a sprig of wolfsbane i - a food ration Scrolls j - a scroll of stinking cloud Spellbooks f - a spellbook of identify g - a spellbook of create monster Potions b - 4 potions of holy water Wands r - a wand of light (0:13) u - a wand of probing (0:7) Tools h - a wooden flute v - a partly used tallow candle (lit) (0:185) x - 5 wax candles (0:400) Gems N - a worthless piece of yellowish brown glass Y - a worthless piece of yellow glass Spells and supernatural/magical abilities: Name Level Category Fail Memory I - identify 3 divination 93% 90% O - create monster 2 clerical 0% 90% W - pray for help -- divine ? -- X - turn undead -- divine ? -- Your skills at the end: Fighting Skills Weapon Skills mace [Basic] Spellcasting Skills clerical spells [Basic] Final Attributes: You were piously aligned. You were sleep resistant. You had infravision. You are dead. Vanquished creatures: 3 gnome lords a kitten 2 dwarves an acid blob 2 hobbits 7 gnomes a gnome zombie 2 geckos 5 jackals a fox a kobold 3 goblins a sewer rat 3 grid bugs 2 bats 2 lichens 2 kobold zombies 6 newts 45 creatures vanquished. Voluntary challenges: You had been an atheist until turn 1915. You used a wielded weapon 50 times, starting on turn 20. You read items or engraved 3 times, starting on turn 699. You never genocided any monsters. You never polymorphed an object. You never changed form. You used no wishes. You never split a pudding. You never wrote Elbereth's name. You never violated your personal moral code. Dungeon overview: The Dungeons of Doom: levels 1 to 3 Level 1 an altar to Manannan Mac Lir a long staircase Level 2 some fountains Level 3 some fountains stairs to The Gnomish Mines The Gnomish Mines: Level 4 <- You were here stairs to The Dungeons of Doom History has recorded: On T:1 you entered the Dungeons of Doom to retrieve the Amulet of Yendor! On T:540 you reached level 2 of The Dungeons of Doom. On T:699 you reached level 3 of The Dungeons of Doom. On T:736 you advanced to experience level 2. On T:1214 you advanced to experience level 3. On T:1878 you reached level 1 of The Gnomish Mines. On T:1879 you advanced to experience level 4. On T:1999 you advanced to experience level 5. Score breakdown: Gold: 426 ( 8947 points) Experience: 5 levels (11141 points) Exploration: 4 levels ( 8.00%) ( 7423 points) Discoveries: 4 items ( 1.40%) ( 3547 points) Valuables value: (no points given unless you survive) Artifact value: 0 ( 0 points) Variety of kills: 18 monsters ( 4.72%) ( 6520 points) Turncount: 2035 turns ( -26 points) Survival: died (score multiplied by 80%) Total score: 30041 Latest messages: The arrow misses the gnome. You kill the gnome! You are now wielding your mace. w - a bow (alternate weapon; not wielded). There are a few objects here. x - 3 candles. Your candle's flame burns brightly! There are several objects here. m - 13 arrows (in quiver). m - 4 arrows (in quiver). x - 2 candles. The gnome lord zaps a pine wand! The magic missile hits you! You hear crashing rock. The gnome lord zaps a wand of magic missile! The magic missile hits you! You hit the gnome lord. The gnome lord zaps a wand of magic missile! The magic missile hits you! You die... Final status: Goodbye Prit the Priest, killed by a magic missile... You died in The Gnomish Mines on dungeon level 4 with 30041 points, and 426 pieces of gold, after 2035 moves. You were level 5 with a maximum of 41 hit points when you died.